 Dungeon Crawl Stone Soup version 0.27.1-35-g4d5d836560 (console) character file.

Game seed: 2021837319372507252

16583 grimtooth the Grappler (level 12, -7/114 HPs)
             Began as a Troll Arcane Marksman on Apr 23, 2022.
             Was a Priest of Okawaru.
             Mangled by a seven-headed hydra (9 damage)
             ... on level 1 of the Lair of Beasts.
             The game lasted 00:52:41 (12821 turns).

grimtooth the Grappler (Troll Arcane Marksman)     Turns: 12821, Time: 00:52:43

Health: -7/114     AC: 12    Str: 21    XL:     12   Next: 11%
Magic:  15/15      EV:  9    Int: 13    God:    Okawaru [***...]
Gold:   713        SH:  0    Dex: 10    Spells: 7/13 levels left

rFire    . . .     SeeInvis .     - Unarmed
rCold    . . .     Faith    .   (no shield)
rNeg     . . .     Spirit   .   G - +0 troll leather armour
rPois    .         Reflect  .   (helmet restricted)
rElec    .         Harm     .   u - +0 cloak
rCorr    .         Rampage  .   (gloves unavailable)
Will     .....                  (boots unavailable)
Stlth    +.........             y - amulet of magic regeneration
HPRegen  2.29/turn              q - +4 ring of protection
MPRegen  0.39/turn              N - +4 ring of slaying

@: no status effects
A: large, unfitting armour, claws 3, regeneration 1, shaggy fur 1, tough skin 1
a: Renounce Religion, Heroism


You were on level 1 of the Lair of Beasts.
You worshipped Okawaru.
Okawaru was most pleased with you.
You visited 3 branches of the dungeon, and saw 13 of its levels.
You also visited: Sewer.

You collected 713 gold pieces.

Inventory:

Hand Weapons
 b - a +0 hunting sling
 w - the +3 Elemental Staff {rElec rF++ rC++ Will++ AC+5}
   (You took it off a deep elf pyromancer on level 10 of the Dungeon)

   If the wielder is skilled in Evocations, they can discharge powerful blasts
   of elemental energy when striking with it.
   It enhances your fire, ice, earth and air magic.
   AC:        It affects your AC (+5).
   rF:        It greatly protects you from fire.
   rC:        It greatly protects you from cold.
   rElec:     It insulates you from electricity.
   Will:      It greatly increases your willpower.
Missiles
 c - 2 throwing nets {=f}
 d - 67 poisoned darts
 g - 98 stones
 p - 7 large rocks
 s - 6 silver javelins
 t - 16 boomerangs (quivered)
 E - 129 sling bullets
Armour
 u - a +0 cloak (worn)
 G - a +0 troll leather armour (worn)
Jewellery
 q - a +4 ring of protection (left claw)
 y - an amulet of magic regeneration (around neck)
 F - a ring of poison resistance
 N - a +4 ring of slaying (right claw)
Wands
 a - a wand of polymorph (13)
 v - a wand of flame (29)
 H - a wand of iceblast (18)
 K - a wand of digging (6)
 P - a wand of paralysis (8)
Scrolls
 e - 5 scrolls of blinking {unknown}
 l - a scroll of brand weapon {unknown}
 m - 2 scrolls of torment {unknown}
 o - a scroll of summoning {unknown}
 B - 2 scrolls of fear {unknown}
 D - 3 scrolls of teleportation {unknown}
 J - 2 scrolls of holy word {unknown}
 L - a scroll of magic mapping {unknown}
 O - a scroll of amnesia {unknown}
 S - 2 scrolls of vulnerability {unknown}
Potions
 f - a potion of ambrosia
 h - a potion of heal wounds
 i - 5 potions of attraction
 j - 2 potions of curing
 k - 4 potions of brilliance
 n - 3 potions of might
 r - 2 potions of flight
 z - a potion of lignification {unknown}
 A - 2 potions of haste
 R - 2 potions of invisibility


   Skills:
 - Level 6.0 Fighting
 - Level 6.0 Throwing
 - Level 6.0 Armour
 - Level 1.5 Dodging
 - Level 12.0 Unarmed Combat
 + Level 1.4 Spellcasting
 - Level 6.0 Hexes
 + Level 5.7 Invocations


You had 7 spell levels left.
You knew the following spells:

 Your Spells              Type           Power      Damage    Failure   Level
a - Slow                  Hex            16%        N/A       4%          2
b - Corona                Hex            17%        N/A       2%          1
x - Portal Projectile     Hex/Tloc       16%        N/A       26%         3

Your spell library contained the following spells:

 Spells                   Type           Power      Damage    Failure   Level
 Inner Flame              Hex/Fire       8%         N/A       26%         3
 Cause Fear               Hex            8%         N/A       26%         4
 Animate Skeleton         Necr           0%         N/A       30%         1
 Magic Dart               Conj           0%         1d3       30%         1
 Pain                     Necr           0%         1d4       30%         1
 Sandblast                Erth           0%         2d4       30%         1
 Sting                    Tmut/Pois      0%         1d3       30%         1
 Passwall                 Tmut/Erth      0%         N/A       43%         2
 Poisonous Vapours        Pois/Air       0%         N/A       43%         2
 Searing Ray              Conj           0%         3d3       43%         2
 Fulminant Prism          Conj/Hex       4%         3d6       65%         4
 Vampiric Draining        Necr           0%         2d6       67%         3
 Olgreb's Toxic Radiance  Pois           0%         N/A       97%         4
 Lee's Rapid Deconstruct  Erth           0%         3d5*      100%        5


Dungeon Overview and Level Annotations

Branches:
Dungeon (11/15)            Temple (1/1) D:7            Lair (1/6) D:11
    Orc (0/2) D:10          Sewer (visited)

Altars:
Ashenzari
Cheibriados
Dithmenos
Elyvilon
Fedhas
Gozag
Hepliaklqana
Kikubaaqudgha
Makhleb
Nemelex Xobeh
Okawaru
Qazlal
Ru
Sif Muna
Trog
Uskayaw
Vehumet
Wu Jian
Xom
Yredelemnul
Zin
The Shining One

Shops:
D:5 :   D:7 [

Annotations:
D:7 1 runed translucent door, Crazy Yiuf
D:8 2 transporters, Duder's ghost, novice MiBe


Innate Abilities, Weirdness & Mutations

You are too large for most types of armour.
You have claws for hands.
Your natural rate of healing is unusually fast.
You are covered in fur. (AC +1)
You have tough skin. (AC +1)


Message History

The seven-headed hydra bites you!
* * * LOW HITPOINT WARNING * * *
The seven-headed hydra bites you!
* * * LOW HITPOINT WARNING * * *
The seven-headed hydra bites you.
* * * LOW HITPOINT WARNING * * *
The seven-headed hydra misses you.
The seven-headed hydra barely misses you.
The seven-headed hydra bites you but does no damage.
The seven-headed hydra closely misses you.
The seven-headed hydra bites you!
* * * LOW HITPOINT WARNING * * *
The seven-headed hydra bites you.
* * * LOW HITPOINT WARNING * * *
The seven-headed hydra bites you but does no damage. x3
The seven-headed hydra bites you!
* * * LOW HITPOINT WARNING * * *
The seven-headed hydra bites you.
* * * LOW HITPOINT WARNING * * *
You feel like a meek peon again.
Press: ? - help, v - describe, . - travel
Here: a seven-headed hydra (severely wounded)
The floor.
Throw: 16 boomerangs
Press: ? - help, Q - select action, (/) - cycle Shift-Dir - straight line, f/p - seven-headed hydra
Aim: a seven-headed hydra (severely wounded, 82% to hit)
You throw a boomerang.
The boomerang hits the seven-headed hydra.
The seven-headed hydra is severely wounded.
The seven-headed hydra closely misses you.
The seven-headed hydra bites you!
* * * LOW HITPOINT WARNING * * *
The seven-headed hydra bites you!
* * * LOW HITPOINT WARNING * * *
The seven-headed hydra bites you!
* * * LOW HITPOINT WARNING * * *
The seven-headed hydra bites you!
* * * LOW HITPOINT WARNING * * *
The seven-headed hydra bites you!
You die...

### ########
########P###.##.#.###########
..............................
..............@................
...............D................
................................
#................................
.................................
#................................
#................................
#............?...................
#................................
#.......†.......)................
#................................


You could see a seven-headed hydra.

Vanquished Creatures
  4 two-headed ogres
  A centaur warrior (D:10)
  A deep elf pyromancer (D:10)
  Pikel (D:7)
  A cyclops (D:11)
  An ugly thing (D:8)
  Maurice (D:10)
  3 gargoyles
  2 rime drakes
  A komodo dragon (Lair:1)
  A tengu conjurer (D:11)
  2 ice devils
  3 trolls
  A hornet (D:9)
  4 shadows
  A wraith (D:10)
  2 fire elementals (D:10)
  A wyvern (D:8)
  5 yaks
  2 steam dragons
  7 vampire mosquitoes
  An acid dragon (D:11)
  Edmund (D:4)
  A water moccasin (Sewer)
  An ice beast (D:5)
  A black bear (D:4)
  An orc warrior (D:8)
  An ogre (D:5)
  3 centaurs
  A lemure (D:7)
  3 phantoms
  3 bullfrogs
  A wyvern zombie (D:7)
  8 scorpions
  A gnoll sergeant (D:11)
  2 troll zombies (D:10)
  11 killer bees
  7 electric eels
  3 howler monkeys (D:11)
  A bullfrog zombie (D:5)
  6 centaur zombies
  A centaur skeleton (D:5)
  4 hounds
  4 orc priests
  Jessica (D:2)
  A bullfrog skeleton (D:6)
  3 iguanas (D:6)
  A scorpion zombie (D:5)
  6 orc wizards
  4 ogre zombies (D:10)
  A howler monkey zombie (D:9)
  10 adders
  6 gnolls
  2 shadow imps (D:7)
  2 dart slugs
  17 orcs
  16 bats
  7 endoplasms
  4 giant cockroaches
  8 goblins
  7 hobgoblins
  4 jackals (D:3)
  8 kobolds
  6 quokkas
  6 ball pythons
  7 frilled lizards
  3 goblin skeletons (D:10)
  3 goblin zombies (D:10)
  2 hobgoblin zombies (D:10)
  2 orc skeletons (D:10)
  9 orc zombies (D:10)
  9 rats
266 creatures vanquished.

Vanquished Creatures (others)
  6 fungi (D:5)
  6 plants (D:7)
12 creatures vanquished.

Grand Total: 278 creatures vanquished

Notes
Turn   | Place    | Note
-------+----------+-------------------------------------------
     0 | D:1      | grimtooth the Troll Arcane Marksman began the quest for the
                  | Orb.
     0 | D:1      | Reached XP level 1. HP: 18/18 MP: 1/1
   103 | D:1      | Reached skill level 1 in Unarmed Combat
   120 | D:1      | Reached XP level 2. HP: 24/26 MP: 2/2
   253 | D:1      | Reached skill level 2 in Unarmed Combat
   365 | D:1      | Reached XP level 3. HP: 32/32 MP: 3/3
   589 | D:1      | Learned a level 2 spell: Slow
   947 | D:2      | Found a faded altar of an unknown god.
  1277 | D:2      | Noticed Jessica
  1285 | D:2      | Killed Jessica
  1286 | D:2      | Reached skill level 3 in Unarmed Combat
  1286 | D:2      | Reached XP level 4. HP: 36/40 MP: 4/4
  2777 | D:4      | Noticed a black bear
  2790 | D:4      | Killed a black bear
  2791 | D:4      | Reached skill level 4 in Unarmed Combat
  2791 | D:4      | Reached XP level 5. HP: 42/46 MP: 5/5
  3003 | D:4      | Identified the +2 short sword "Fipagel" {drain, *Corrode
                  | rPois rN+++ Dex-2}
  3436 | D:4      | Noticed Edmund
  3739 | D:5      | Entered Level 5 of the Dungeon
  3789 | D:5      | Found Kaanitec's Book Boutique.
  3803 | D:5      | Reached XP level 6. HP: 53/54 MP: 6/6
  3808 | D:5      | Reached skill level 5 in Unarmed Combat
  4006 | D:5      | Noticed an ice beast
  4042 | D:5      | Killed an ice beast
  4043 | D:5      | Reached skill level 6 in Unarmed Combat
  4043 | D:5      | Reached XP level 7. HP: 52/61 MP: 4/7
  4241 | D:5      | - how god damn distant can it be
  4290 | D:5      | Reached skill level 7 in Unarmed Combat
  4299 | D:5      | Found a glowing drain.
  4325 | Sewer    | Entered a sewer
  4374 | Sewer    | Reached skill level 5 in Throwing
  4526 | D:5      | Reached XP level 8. HP: 68/68 MP: 8/8
  4798 | D:5      | Found a shadowy altar of Dithmenos.
  5055 | D:6      | Reached skill level 8 in Unarmed Combat
  5833 | D:7      | Found Issur's Armour Emporium.
  5899 | D:7      | Found a staircase to the Ecumenical Temple.
  5905 | Temple   | Entered the Ecumenical Temple
  6039 | Temple   | - aw man
  6356 | D:7      | Reached skill level 9 in Unarmed Combat
  6356 | D:7      | Reached skill level 1 in Fighting
  6558 | D:7      | Noticed a troll
  6567 | D:7      | Killed a troll
  6568 | D:7      | Reached XP level 9. HP: 48/80 MP: 7/9
  6682 | D:7      | Noticed Pikel
  6724 | D:7      | Killed Pikel
  6767 | D:7      | Found a runed translucent door.
  6768 | D:7      | Noticed Crazy Yiuf
  7239 | D:8      | Found a bloodstained altar of Trog.
  7305 | D:8      | Noticed Duder's ghost (novice MiBe)
  7312 | D:8      | Noticed a cyan ugly thing
  7312 | D:8      | Noticed a hellwing
  7347 | D:8      | Found a transporter.
  7348 | D:8      | Noticed a rakshasa
  7368 | D:8      | Found a transporter.
  7489 | D:8      | Noticed a white ugly thing
  7495 | D:8      | Reached skill level 5 in Fighting
  7541 | D:8      | Killed a white ugly thing
  7749 | D:8      | Reached skill level 5 in Hexes
  7749 | D:8      | Reached XP level 10. HP: 82/96 MP: 10/10
  8608 | D:4      | Killed Edmund
  8887 | D:9      | Identified the +5 ring mail of Zin's Delight {-Cast Str+7}
  9064 | D:9      | Noticed a gargoyle
  9067 | D:9      | Killed a gargoyle
  9346 | D:9      | Reached skill level 1 in Armour
  9394 | D:9      | Found a burning altar of Makhleb.
  9394 | D:9      | Noticed a blizzard demon
  9523 | D:9      | Noticed a two-headed ogre
  9681 | D:9      | Killed a two-headed ogre
  9694 | D:9      | Noticed a two-headed ogre
  9722 | D:9      | Killed a two-headed ogre
  9723 | D:9      | Reached skill level 10 in Unarmed Combat
  9871 | D:10     | Entered Level 10 of the Dungeon
  9928 | D:10     | Noticed a gargoyle
 10047 | D:10     | Noticed a gargoyle
 10124 | D:10     | Noticed a two-headed ogre
 10142 | D:10     | Killed a two-headed ogre
 10143 | D:10     | Reached XP level 11. HP: 65/105 MP: 11/11
 10216 | D:10     | Found a staircase to the Orcish Mines.
 10480 | D:10     | Found an iron altar of Okawaru.
 10558 | D:10     | Became a worshipper of Warmaster Okawaru
 10722 | D:10     | Noticed Maurice
 10843 | D:10     | Reached skill level 5 in Armour
 10948 | D:10     | Identified the +8 war axe of Mighuar {vorpal, rPois Int+6}
 11018 | D:9      | Reached * piety under Okawaru
 11048 | D:9      | Reached skill level 11 in Unarmed Combat
 11173 | D:10     | Noticed a deep elf pyromancer
 11183 | D:10     | Killed a deep elf pyromancer
 11295 | D:10     | Reached ** piety under Okawaru
 11306 | D:10     | Killed Maurice
 11573 | D:10     | Noticed a centaur warrior
 11584 | D:10     | Killed a centaur warrior
 11585 | D:10     | Reached skill level 1 in Invocations
 11641 | D:11     | Found a staircase to the Lair.
 11814 | D:11     | Reached skill level 12 in Unarmed Combat
 11976 | D:11     | Reached *** piety under Okawaru
 12233 | D:11     | Found an iron altar of Okawaru.
 12341 | D:11     | Received a gift from Okawaru
 12421 | D:11     | Noticed a two-headed ogre
 12433 | D:11     | Killed a two-headed ogre
 12434 | D:11     | Reached skill level 5 in Invocations
 12434 | D:11     | Reached XP level 12. HP: 71/114 MP: 7/15
 12438 | D:11     | Learned a level 3 spell: Portal Projectile
 12730 | Lair:1   | Entered Level 1 of the Lair of Beasts
 12790 | Lair:1   | Noticed a seven-headed hydra
 12821 | Lair:1   | HP: 2/114 [seven-headed hydra (10)]
 12821 | Lair:1   | Mangled by a seven-headed hydra

Illustrated notes . . # # ## ##... ... ...# # . .. #.# .. .. #$. #.#..# #.#.. .....# ....# ..# .+ ...## ####.+ #..# .....# #@# #....###### #.# .......... #.# (..#)#..# #Z# ...#...# #.# .#...# #.# ##..## #.# .....# ###.##### ####.###### #.......# #......####........# #......#...###.#.#.# Turn 4241 on D:5: - how god damn distant can it be

##'#####...
.....### .#
.......## ..#
........# ..##
..<.....# ..##
........# #######
#..# .......##
###.....###..##
.....###
##....._...#'..#
######
#...........#..##
#.._..⌠.._..##..#
#......@....##..#
##..._.....###..#
###.....### #..#
####### #..#
####### #..#
###.....### ##..#
##....._...##
#..##
#..._.......#
##..#
#.....⌠.._..#
#..##
#.._........#
##..# #...._....#
##..##


Turn 6039 on Temple: - aw man

Levels and vault maps discovered:
D:1:      onia_arrival_handbag, layout_basic, minmay_misc_feat_diagonals,
          serial_bayou_pond_b
D:2:      layout_basic, ebering_ecumenical_altar_ruins, dk_noncrumbling_3,
          minmay_door_square, columned_hall_lemuel, chequers_decorated_corner,
          uniq_jessica
D:3:      layout_basic, patterned_corridor
D:4:      layout_layer_cave, minmay_stone_trees_small, minmay_misc_feat_iff,
          uniq_edmund
D:5:      old_forge, layout_rooms, general_overflow_altar, serial_shops,
          nicolae_stop_n_shop_2, portal_sewer_entry_b, roderic_roman_lattice,
          grunt_ministairs_13, chequers_serial_rivers_large_b, minivault_11
D:6:      layout_loops_ring
D:7:      layout_cave_pools, minmay_temple_entry_wispy, serial_shops, shop,
          serial_bayou, serial_bayou_lagoon_b, serial_bayou_lake_a,
          serial_bayou_pond_a, serial_bayou_ford_a, uniq_crazy_yiuf_cottage,
          uniq_pikel
D:8:      layout_basic, mainiacjoe_overflow_cross_hatched,
          gammafunk_ghost_abyssal_escape, serial_curves, eino_curves_03,
          eino_curves_02
D:9:      layout_gridville, makhleb_altar_promises_db
D:10:     layout_basic, lemuel_round_altar, zombieorc1_lemuel,
          dilly_guarded_unrand_elemental_staff, uniq_maurice
D:11:     layout_basic, lair_entry_dummy, okawaru_metal_pillars_1_2
Temple:   dpeg_five_rooms_temple
Lair:1:   wad_woods_structure_01, layout_long_grid, enter_volcano_4,
          minmay_lair_oklob_bushes

Skill      XL: |  1  2  3  4  5  6  7  8  9 10 11 |
---------------+----------------------------------+-----
Throwing       | 2 3 4 5 6 |  6.0
Unarmed Combat | 1 2 3 4 6 7 9 10 12 | 12.0
Fighting       | 2 5 6 |  6.0
Hexes          | 3 5 6 |  6.0
Armour         | 4 6 |  6.0
Invocations    | 5 |  5.7
Dodging        | |  1.5
Spellcasting   | |  1.4

Action                   |  1- 3 |  4- 6 |  7- 9 | 10-12 || total
-------------------------+-------+-------+-------+-------++-------
Melee: Unarmed           |   118 |   135 |   275 |   368 ||   896
       Punch             |       |     1 |    10 |    16 ||    27
       Staff             |       |       |       |     3 ||     3
Throw: Dart              |     1 |     5 |    12 |    19 ||    37
       Stone             |    25 |    36 |    56 |    21 ||   138
       Large rock        |       |       |     2 |     6 ||     8
       Boomerang         |       |       |       |     9 ||     9
 Cast: Corona            |     1 |       |       |       ||     1
       Slow              |       |     3 |    34 |    47 ||    84
Invok: Heroism           |       |       |       |     1 ||     1
Evoke: Wand              |       |       |       |     2 ||     2
  Use: Scroll            |       |       |     6 |     5 ||    11
       Potion            |       |       |     1 |       ||     1
 Stab: Held in net/web   |       |       |     1 |       ||     1
Armor: Robe              |    43 |    55 |    70 |       ||   168
       Troll leather arm |       |       |    49 |   192 ||   241
Dodge: Dodged            |    54 |    59 |   118 |   161 ||   392
